 Dungeon Crawl Stone Soup version 0.30-a0-643-g638baaf3f0 (webtiles) character file.

Game seed: 2936337779340759563

1623 Conn the Thaumaturge (level 8, -7/42 HPs)
             Began as a Deep Elf Hedge Wizard on Jan 16, 2023.
             Was an Initiate of Sif Muna.
             Mangled by an orc warrior
             ... wielding a +0 battleaxe
              (21 damage)
             ... on level 7 of the Dungeon.
             The game lasted 00:18:18 (5333 turns).

Conn the Thaumaturge (Deep Elf Hedge Wizard)        Turns: 5333, Time: 00:18:19

Health: -7/42      AC:  3    Str:  7    XL:     8   Next: 65%
Magic:  14/23      EV: 13    Int: 22    God:    Sif Muna [......]
Gold:   139        SH:  0    Dex: 14    Spells: 5/25 levels left

rFire   . . .      SeeInvis .    b - staff of conjuration
rCold   . . .      Faith    .    (no shield)
rNeg    . . .      Spirit   .    e - +0 robe
rPois   .          Reflect  .    j - +0 helmet
rElec   .          Harm     .    (no cloak)
rCorr   .          Rampage  .    (no gloves)
Will    +....                    (no boots)
Stlth   ++                       D - amulet of the acrobat
HPRegen 0.27/turn                G - ring of willpower
MPRegen 0.18/turn                (no ring)

@: very slightly contaminated
A: no striking features
a: Renounce Religion


You were on level 7 of the Dungeon.
You worshipped Sif Muna.
Sif Muna was noncommittal.
You visited 2 branches of the dungeon, and saw 7 of its levels.

You collected 385 gold pieces.
You spent 246 gold pieces at shops.

Inventory:

Hand Weapons
 a - the +4 long sword of Destruction {elec, *Slow Fly Str+4}
   (You bought it in a shop on level 4 of the Dungeon)

   Str:       It affects your strength (+4).
   Fly:       It grants you flight.
   *Slow:     It may slow you when you take damage.
 p - a +0 dagger
 C - a +1 dagger of flaming
Missiles
 y - 7 atropa-tipped darts
Armour
 c - a +0 hat
 e - a +0 robe (worn)
 j - a +0 helmet (worn)
 B - a +0 leather armour of positive energy
Magical Staves
 b - a staff of conjuration (weapon)
 i - a staff of fire
 u - a staff of poison
 H - a staff of cold
Jewellery
 D - an amulet of the acrobat (around neck)
 G - a ring of willpower (left hand)
Wands
 F - a wand of digging (5)
Scrolls
 k - 4 scrolls of identify {unknown}
 n - 2 scrolls of noise {unknown}
 o - 2 scrolls of blinking {unknown}
 r - 2 scrolls of amnesia {unknown}
 t - a scroll of poison {unknown}
 v - a scroll of enchant armour {unknown}
 w - a scroll of enchant weapon {unknown}
 E - a scroll of fear {unknown}
 I - 3 scrolls of fog {unknown}
Potions
 d - a potion of magic
 f - a potion of might {unknown}
 g - a potion of lignification {unknown}
 h - a potion of invisibility {unknown}
 l - a potion of haste {unknown}
 m - a potion of mutation {unknown}
 q - 3 potions of brilliance {unknown}
 s - 2 potions of heal wounds {unknown}
 x - 2 potions of curing {unknown}
 z - 2 potions of cancellation {unknown}
 A - a potion of ambrosia {unknown}


   Skills:
 + Level 0.6 Fighting
 + Level 0.1 Staves
 + Level 3.0 Dodging
 + Level 3.2 Stealth
 + Level 9.2 Spellcasting
 * Level 5.2 Conjurations
 + Level 0.6 Hexes
 + Level 2.9 Summonings
 * Level 4.5 Translocations
 * Level 3.5 Fire Magic
 + Level 1.0 Air Magic
 + Level 3.8 Poison Magic


You had 5 spell levels left.
You knew the following spells:

 Your Spells              Type           Power      Damage    Failure   Level
a - Magic Dart            Conj           100%       1d8       1%          1
b - Blink                 Tloc           58%        N/A       1%          2
c - Call Imp              Summ           23%        N/A       3%          2
d - Mephitic Cloud        Conj/Pois/Air  37%        N/A       4%          3
e - Ignite Poison         Fire/Tmut/Pois 20%        N/A       7%          3
f - Inner Flame           Hex/Fire       19%        N/A       9%          3
g - Passwall              Tmut/Erth      8%         N/A       10%         2
h - Summon Lightning Spi  Summ/Air       18%        N/A       28%         4

Your spell library contained the following spells:

 Spells                   Type           Power      Damage    Failure   Level
 Lesser Beckoning         Tloc           58%        N/A       1%          2
 Gell's Gravitas          Tloc           29%        N/A       3%          3
 Teleport Other           Tloc           29%        N/A       3%          3
 Slow                     Hex            52%        N/A       4%          1
 Cigotuvi's Dreadful Rot  Necr/Pois/Air  34%        N/A       4%          2
 Kindle Blastsparks       Fire/Tloc/Air  46%        2d13      5%          3
 Ensorcelled Hibernation  Hex/Ice        22%        N/A       9%          2
 Swiftness                Air            14%        N/A       13%         3
 Airstrike                Air            7%         2d(1-17)  38%         4
 Cause Fear               Hex            6%         N/A       45%         4
 Lightning Bolt           Conj/Air       17%        1d32      45%         5
 Freezing Cloud           Conj/Ice/Air   14%        6-21      61%         5
 Discord                  Hex            6%         N/A       100%        8


Dungeon Overview and Level Annotations

Branches:
Dungeon (5/15)             Temple (1/1) D:4

Altars:
Ashenzari
Cheibriados
Dithmenos
Elyvilon
Fedhas
Gozag
Hepliaklqana
Makhleb
Nemelex Xobeh
Okawaru
Qazlal
Ru
Sif Muna
Trog
Uskayaw
Vehumet
Wu Jian
Xom
Yredelemnul
Zin
The Shining One

Shops:
D:4 (

Annotations:
D:3 3 runed translucent doors, mrchoslav's ghost, amateur MiFi


Message History

Confirm with . or Enter, or press ? or * to list all spells.
The spell is quite dangerous to miscast (28% risk of failure)!
Continue anyway?
You miscast Summon Lightning Spire.
You are very lightly contaminated with residual magic.
Something forms from out of thin air.
A nameless horror comes into view.
You feel stable enough to blink again. The orc warrior completely misses you.
The orc warrior attacks as you move away!
The orc warrior misses you.
Casting: Summon Lightning Spire (quite dangerous; 28% risk of failure)
Confirm with . or Enter, or press ? or * to list all spells.
Aiming: Mephitic Cloud (dangerous; 4% risk of failure)
Press: ? - help, Shift-Dir - straight line, f - orc warrior
Aim: an orc warrior, wielding a +0 battleaxe and wearing a +0 plate armour (chance to affect: 81%)
You feel a surge of power! That beam is likely to hit you.
Continue anyway?
The ball explodes into a vile cloud!
The stinking cloud engulfs the orc warrior but does no damage.
The stinking cloud engulfs the nameless horror but does no damage.
The stinking cloud engulfs you but does no damage.
You are engulfed in noxious fumes.
You choke on the stench!
You are confused.
You hear a croak.
The orc warrior is engulfed in noxious fumes.
The orc warrior hits you with a +0 battleaxe!
The orc priest miscasts a cantrip.
Unknown command.
Unknown command.
The orc warrior attacks as you move away!
The orc warrior hits you with a +0 battleaxe!
The orc warrior is engulfed in noxious fumes.
The ogre is engulfed in noxious fumes.
The ogre appears confused.
The ogre shouts, "What's happening?!"
You bump into the rock wall.
You feel less confused.
The orc warrior is engulfed in noxious fumes.
The orc warrior hits you with a +0 battleaxe!!
Ouch! That really hurt!
You die...

#......#...#
######..o####.###
..........o...#
....###.....###
........###o.##
..........☼.O.#
....#######X#......
... #o######. ##
#@# #.# ..# ####


You could see a nameless horror, an orc warrior, an ogre (confused) and 2 orc
priests.

Vanquished Creatures
  4 yaks (D:5)
  Menkaure (D:5)
  A black bear (D:5)
  An ice beast (D:5)
  An ogre (D:5)
  2 necrophages (D:5)
  2 scorpions (D:5)
  A jelly (D:4)
  An orc priest (D:4)
  2 iguanas (D:5)
  4 adders
  4 dart slugs
  3 orcs
  7 bats
  7 endoplasms
  2 giant cockroaches
  14 goblins
  4 hobgoblins
  6 kobolds
  2 quokkas
  11 ball pythons
  A frilled lizard (D:2)
  6 rats
87 creatures vanquished.

Vanquished Creatures (collateral kills)
  A black bear (D:5)
  A necrophage (D:4)
  A hound (D:7)
  An iguana (D:4)
  An orc (D:7)
  3 goblins (D:4)
  A hobgoblin (D:4)
9 creatures vanquished.

Grand Total: 96 creatures vanquished

Notes
Turn   | Place    | Note
-------+----------+-------------------------------------------
     0 | D:1      | Conn the Deep Elf Hedge Wizard began the quest for the Orb.
     0 | D:1      | Reached XP level 1. HP: 10/10 MP: 7/7
   295 | D:1      | Reached XP level 2. HP: 15/15 MP: 4/9
   436 | D:1      | Reached skill level 5 in Spellcasting
  1214 | D:2      | Learned a level 2 spell: Blink
  1217 | D:2      | Learned a level 2 spell: Call Imp
  1229 | D:2      | Reached XP level 3. HP: 19/19 MP: 7/11
  1432 | D:2      | Learned a level 3 spell: Mephitic Cloud
  2018 | D:3      | Learned a level 3 spell: Ignite Poison
  2117 | D:3      | Reached XP level 4. HP: 24/24 MP: 9/13
  2351 | D:3      | Learned a level 3 spell: Inner Flame
  2642 | D:3      | Found a runed translucent gate.
  2642 | D:3      | Found a runed translucent gate.
  2642 | D:3      | Found a runed translucent gate.
  2657 | D:3      | Noticed mrchoslav's ghost (amateur MiFi)
  2817 | D:4      | Noticed a necrophage
  2843 | D:4      | Killed a necrophage
  2844 | D:4      | Reached skill level 6 in Spellcasting
  2844 | D:4      | Reached XP level 5. HP: 28/28 MP: 10/15
  2955 | D:4      | Reached skill level 1 in Poison Magic
  3030 | D:4      | Reached skill level 1 in Fire Magic
  3261 | D:4      | Found Weejumue's Antique Weapon Boutique.
  3279 | D:4      | Found a staircase to the Ecumenical Temple.
  3295 | Temple   | Entered the Ecumenical Temple
  3524 | D:4      | Bought a shimmering long sword for 246 gold pieces
  3524 | D:4      | Identified the +4 long sword of Destruction {elec, *Slow
                  | Fly Str+4} (You bought it in a shop on level 4 of the
                  | Dungeon)
  3669 | D:4      | Found an ornate altar of the Wu Jian Council.
  3669 | D:4      | Found a shimmering blue altar of Sif Muna.
  3670 | D:4      | Found a radiant altar of Vehumet.
  3677 | D:4      | Became a worshipper of Sif Muna the Loreminder
  3721 | D:4      | Reached XP level 6. HP: 23/33 MP: 0/17
  4038 | D:5      | Entered Level 5 of the Dungeon
  4207 | D:5      | Reached skill level 7 in Spellcasting
  4370 | D:5      | Reached XP level 7. HP: 37/37 MP: 8/19
  4470 | D:5      | Learned a level 2 spell: Passwall
  4586 | D:5      | Noticed a yak
  4586 | D:5      | Noticed a yak
  4586 | D:5      | Noticed a yak
  4586 | D:5      | Noticed a yak
  4592 | D:5      | Killed a yak
  4592 | D:5      | Killed a yak
  4592 | D:5      | Killed a yak
  4593 | D:5      | Reached skill level 8 in Spellcasting
  4593 | D:5      | Reached XP level 8. HP: 42/42 MP: 6/22
  4600 | D:5      | Reached skill level 5 in Conjurations
  4819 | D:5      | Learned a level 4 spell: Summon Lightning Spire
  4919 | D:5      | Reached skill level 1 in Air Magic
  4973 | D:5      | Noticed Menkaure
  5066 | D:5      | Killed Menkaure
  5067 | D:5      | Reached skill level 9 in Spellcasting
  5289 | D:5      | You fall into a shaft and drop 2 floors!
  5328 | D:7      | Noticed a nameless horror
  5333 | D:7      | Mangled by an orc warrior

Illustrated notes

Levels and vault maps discovered:
D:1:      dpeg_arrival_boxorama, layout_basic
D:2:      layout_basic, hangedman_abyss_or_decor_lesser_grid
D:3:      layout_rooms, ebering_ghost_rock_garden,
          chequers_serial_rivers_micro_e, minmay_statues_item
D:4:      cheibrodos_greedy_goblins, layout_basic,
          gammafunk_temple_overflow_claw, minmay_temple_entry_proselytizer,
          serial_shops, nicolae_stop_n_shop_2
D:5:      layout_loops_corners, uniq_menkaure
D:7:      layout_basic
Temple:   dpeg_five_rooms_temple

Skill      XL: |  1  2  3  4  5  6  7  8 |
---------------+-------------------------+-----
Spellcasting   | 5 6 7 8 9 |  9.2
Conjurations   | 2 3 4 5 |  5.2
Poison Magic   | 1 2 3 |  3.8
Fire Magic     | 1 2 3 |  3.5
Translocations | 2 3 4 |  4.5
Dodging        | 3 |  3.0
Stealth        | 3 |  3.2
Summonings     | 2 |  2.9
Air Magic      | 1 |  1.0
Fighting       | |  0.6
Staves         | |  0.1
Hexes          | |  0.6

Action                   |  1- 3 |  4- 6 |  7- 9 || total
-------------------------+-------+-------+-------++-------
Melee: Staff             |    26 |     6 |       ||    32
 Cast: Magic Dart        |    86 |    85 |    24 ||   195
       Blink             |       |     6 |     3 ||     9
       Call Imp          |       |    12 |    10 ||    22
       Mephitic Cloud    |       |     2 |     3 ||     5
       Inner Flame       |       |       |     4 ||     4
Armor: Robe              |    16 |     8 |     3 ||    27
Dodge: Dodged            |    30 |    21 |     7 ||    58

Table legend: (Time is in decaauts)
 A = Elapsed time spent in this place.
 B = Non-inter-level travel time spent in this place.
 C = Inter-level travel time spent in this place.
 D = Time resting spent in this place.
 E = Time spent auto-exploring this place.
 F = Levels seen in this place.
 G = Mean time per level.
                   A        B        C        D        E       F      G
               +--------+--------+--------+--------+--------+-----+--------+
         Total |   5335 |   5272 |     63 |    305 |   3587 |   7 |  762.1 |
       Dungeon |   5118 |   5055 |     63 |    305 |   3433 |   6 |  853.0 |
        Temple |    216 |    216 |      0 |      0 |    154 |   1 |  216.0 |
               +--------+--------+--------+--------+--------+-----+--------+

Top non-repeatable levels by time:
     D:5: 1251 daAuts
     D:1: 1208 daAuts
     D:4: 1048 daAuts
     D:2: 998 daAuts
     D:3: 567 daAuts
  Temple: 216 daAuts
     D:7: 43 daAuts
